 Seeded DCSS version 0.30-a0-830-gfe289a77b0 (webtiles) character file.

Game seed: 10962520627805071627 (custom seed)

3 demibob the Poker (level 1, 14/16 HPs)
             Began as a Merfolk Reaver on Feb 28, 2023.
             Quit the game on level 1 of the Dungeon.
             The game lasted 00:00:32 (39 turns).

demibob the Poker (Merfolk Reaver)                    Turns: 39, Time: 00:00:32

Health: 14/16      AC:  3    Str: 12    XL:     1   Next: 50%
Magic:  3/3        EV: 12    Int: 12    God:
Gold:   0          SH:  0    Dex: 12    Spells: 3/4 levels left

rFire   . . .      SeeInvis .    a - +0 spear
rCold   . . .      Faith    .    (no shield)
rNeg    . . .      Spirit   .    b - +0 leather armour
rPois   .          Reflect  .    (no helmet)
rElec   .          Harm     .    (no cloak)
rCorr   .          Rampage  .    (no gloves)
Will    .....                    (no boots)
Stlth   +                        (no amulet)
HPRegen 0.22/turn                (no ring)
MPRegen 0.08/turn                (no ring)

@: no status effects
A: (nimble swimmer 2), mertail
a: no special abilities


You were on level 1 of the Dungeon.
You visited 1 branch of the dungeon, and saw 1 of its levels.


Innate Abilities, Weirdness & Mutations

((You are very nimble when in or above water. (Stealth+, EV+, Speed+++)))
Your lower body shifts to a powerful aquatic tail in water.


   Skills:
 - Level 2.1 Fighting
 + Level 4.3 Polearms
 - Level 2.6 Dodging
 - Level 2.0 Spellcasting
 - Level 2.4 Conjurations


You had 3 spell levels left.
You knew the following spells:

 Your Spells              Type           Power      Damage    Failure   Level
X - Kiss of Death         Conj/Necr      16%        2d6       22%         1

Your spell library contained the following spells:

 Spells                   Type           Power      Damage    Failure   Level
 Momentum Strike          Conj/Tloc      8%         3d8       32%         2
 Hailstorm                Conj/Ice       4%         3d4       54%         3

Inventory:

Hand Weapons
 a - a +0 spear (weapon)
Armour
 b - a +0 leather armour (worn)
Scrolls
 c - a scroll of acquirement

Dungeon Overview and Level Annotations

Branches:
Dungeon (1/15)

Altars:

#▒#▒ # ... .#.
..#.... ..#..#
..... #
##########..####.
#.#.@..............
#...#######.....##
####..........>...#
."........).......#
######)######....#
##########.#####
....#
#..............#
.#.##
#..............#
#.# ..####'#####..#
#


There were no monsters in sight!


Message History

You closely miss the kobold. The kobold hits you with a +0 whip.
You closely miss the kobold. The kobold hits you but does no damage.
You barely miss the kobold. The kobold barely misses you.
You hit the kobold but do no damage. Your punch misses the kobold.
You closely miss the kobold. The kobold closely misses you.
You closely miss the kobold. The kobold hits you with a +0 whip.
You hit the kobold.
The kobold is heavily wounded.
The kobold barely misses you.
You hit the kobold.
You kill the kobold!
No target in view!
No target in view!
No target in view!
No target in view!
No target in view!
No target in view!
No target in view!
No target in view!
No target in view!
No target in view!
No target in view!
No target in view!
No target in view!
Found 3 scrolls labelled ENYORH ZOPN.
c - 3 scrolls labelled ENYORH ZOPN This is a scroll of acquirement!
Something appears at your feet! Something appears at your feet!
Are you sure you want to abandon this character and quit the game? (Confirm with "yes".)

Action                     || total
---------------------------++-------
  Melee: Spear             ||    15
    Use: Scroll            ||     2
 Armour: Leather armour    ||     1
  Dodge: Dodged            ||     6

Levels and vault maps discovered:
D:1:      lemuel_arrival_room, layout_basic, serial_aquarium,
          aquarium_bridge_square [aquarium_subvault_bridge,
          aquarium_subvault_window, aquarium_subvault_window,
          aquarium_subvault_bridge], aquarium_window_1, aquarium_window_3,
          aquarium_window_double, aquarium_view_2f, aquarium_view_2d,
          aquarium_balcony_3b

Notes
Turn   | Place    | Note
-------+----------+-------------------------------------------
     0 | D:1      | demibob the Merfolk Reaver began the quest for the Orb.
     0 | D:1      | Reached XP level 1. HP: 16/16 MP: 3/3
    37 | D:1      | Identified 3 scrolls of acquirement
    37 | D:1      | Acquired 860 gold pieces
    38 | D:1      | Acquired 1078 gold pieces
    39 | D:1      | Quit the game

Vanquished Creatures
  A hobgoblin (D:1)
  2 kobolds (D:1)
3 creatures vanquished.

Table legend: (Time is in decaauts)
 A = Elapsed time spent in this place.
 B = Non-inter-level travel time spent in this place.
 C = Inter-level travel time spent in this place.
 D = Time resting spent in this place.
 E = Time spent auto-exploring this place.
 F = Levels seen in this place.
 G = Mean time per level.
                   A        B        C        D        E       F      G
               +--------+--------+--------+--------+--------+-----+--------+
         Total |     37 |     37 |      0 |      0 |      0 |   1 |   37.0 |
       Dungeon |     37 |     37 |      0 |      0 |      0 |   1 |   37.0 |
               +--------+--------+--------+--------+--------+-----+--------+

Top non-repeatable levels by time:
     D:1: 37 daAuts

Table legend:
 A = Non-vault XP
 B = Vault XP
 C = Vault XP percentage of total XP
 D = Non-vault monster count
 E = Vault monster count
 F = Vault count percentage of total count
                 A         B        C        D         E       F
            +---------+---------+-------+---------+---------+-------
      Total |       5 |       0 |   0.0 |       3 |       0 |   0.0
            +---------+---------+-------+---------+---------+-------
        D:1 |       5 |       0 |   0.0 |       3 |       0 |   0.0
            +---------+---------+-------+---------+---------+-------
